 Dungeon Crawl Stone Soup version 0.29.0-4-gdea44cf6ec (webtiles) character file.

Game seed: 10451553275925290232

47 qw the Ruffian (level 3, -1/28 HPs)
             Began as a Ghoul Fire Elementalist on Aug 29, 2022.
             Slain by a gnoll bouda
             ... wielding a +0 whip
              (11 damage)
             ... on level 2 of the Dungeon.
             The game lasted 00:01:35 (1670 turns).

qw the Ruffian (Ghoul Fire Elementalist)            Turns: 1670, Time: 00:01:36

Health: -1/28      AC:  4    Str: 13      XL:     3   Next: 70%
Magic:  4/4        EV: 11    Int: 10      God:
Gold:   59         SH:  0    Dex:  8 (9)  Spells: 4/5 levels left

rFire   . . .      SeeInvis .     - Unarmed
rCold   + . .      Faith    .   (no shield)
rNeg    + + +      Spirit   .   k - +0 leather armour
rPois   inf        Reflect  .   (no helmet)
rElec   .          Harm     .   e - +0 cloak
rCorr   .          Rampage  .   (no gloves)
Will    .....                   (no boots)
Stlth   +.........              (no amulet)
HPRegen 0.00/turn               (no ring)
MPRegen 0.09/turn               (no ring)

@: inhibited regen
A: claws 1, cold resistance 1, negative energy resistance 3, inhibited
regeneration, torment resistance 2, devour on kill
a: no special abilities


You were on level 2 of the Dungeon.
You visited 1 branch of the dungeon, and saw 2 of its levels.

You collected 59 gold pieces.


Innate Abilities, Weirdness & Mutations

You are immune to poison.
You have sharp fingernails.
Your flesh is cold resistant. (rC+)
You are immune to negative energy. (rN+++)
You do not regenerate when monsters are visible.
You are immune to unholy pain and torment.
You thrive by killing the living.


   Skills:
 - Level 1.0 Fighting
 - Level 1.7 Dodging
 - Level 2.1 Stealth
 + Level 3.2 Unarmed Combat
 - Level 1.7 Spellcasting
 - Level 0.7 Conjurations
 - Level 2.4 Fire Magic


You had 4 spell levels left.
You knew the following spells:

 Your Spells              Type           Power      Damage    Failure   Level
a - Foxfire               Conj/Fire      16%        2x1d4     22%         1

Your spell library contained the following spells:

 Spells                   Type           Power      Damage    Failure   Level
 Scorch                   Fire           10%        2d5       22%         2
 Conjure Flame            Conj/Fire      4%         6-21      54%         3
 Inner Flame              Hex/Fire       3%         N/A       58%         3
 Flame Wave               Conj/Fire      4%         2d5       91%         4

Inventory:

Armour
 e - a +0 cloak (worn)
 k - a +0 leather armour (worn)
Jewellery
 b - a +6 ring of strength
Scrolls
 g - a scroll of enchant armour {unknown}
Potions
 a - a potion of lignification {unknown}
 c - a potion of mutation
 d - a potion of might {unknown}
 f - a potion of ambrosia {unknown}
 j - a potion of curing {unknown}

Dungeon Overview and Level Annotations

Branches:
Dungeon (2/15)

Altars:

Shops:
D:1 [   D:2 (


Message History

Found an escape hatch in the ceiling.
You now have enough gold to buy a +0 pair of boots on D:1.
You can access your shopping list by pressing '$'.
You now have 48 gold pieces (gained 7).
A frilled lizard comes into view.
You barely miss the frilled lizard. The frilled lizard closely misses you.
You scratch the frilled lizard.
The frilled lizard is heavily wounded.
The frilled lizard closely misses you.
You closely miss the frilled lizard.
The frilled lizard is heavily wounded.
The frilled lizard bites you but does no damage.
You scratch the frilled lizard.
You kill the frilled lizard!
You now have 59 gold pieces (gained 11).
A gnoll bouda and 2 gnolls come into view.
The gnoll bouda shouts!
1659 ||| Stepping ~*~*~tactically~*~*~ (hiding).
You start waiting.
A gnoll bouda is nearby!
The gnoll bouda hits you with a +0 whip!
The gnoll shouts!
You barely miss the gnoll bouda.
The gnoll shouts!
The gnoll hits you but does no damage.
The gnoll bouda hits you with a +0 whip.
You scratch the gnoll bouda.
The gnoll bouda is lightly wounded.
The gnoll hits you from afar with a +0 spear.
The gnoll bouda barks out a call to the hunt!
The gnolls pick up the pace!
You scratch the gnoll bouda but do no damage.
The gnoll bouda is lightly wounded.
The gnoll hits you from afar with a +0 spear.
The gnoll bouda misses you.
You scratch the gnoll bouda but do no damage.
The gnoll bouda is lightly wounded.
The gnoll bouda hits you with a +0 whip!
You die...

..# #.# #.##...
#.# #.# # #.#.
#.####.#####.##.##
#<...........##.#
#..###.########.##
#..# #.# #...#
#..# #.#######.#.#
#..# #.#.......#..
#### #@.#
#.#.##....#..
#......ggg..#
#....#.###### #.
#.########.##
#....%....#..
##.####.# #..
##...####.#.#
.......)# ##.
##.## #.#.#
###.##..# .# #.#
#...# #.##..# .#
#.#####...#
###.##..####### .#
#..........
...............
#######...#


You could see a gnoll bouda and 2 gnolls.

Vanquished Creatures
  A gnoll (D:2)
  An adder (D:2)
  2 endoplasms
  2 giant cockroaches (D:1)
  5 goblins (D:1)
  4 ball pythons
  4 bats
  5 frilled lizards
  2 kobolds (D:2)
  5 rats (D:1)
31 creatures vanquished.

Notes
Turn   | Place    | Note
-------+----------+-------------------------------------------
     0 | D:1      | qw the Ghoul Fire Elementalist began the quest for the Orb.
     0 | D:1      | Reached XP level 1. HP: 14/14 MP: 2/2
     0 | D:1      | 0 ||| qw: Version: 0.1-a-90-g952f4b7
     0 | D:1      | 0 ||| qw: Game counter: 3892
     0 | D:1      | 0 ||| qw: Always use a shield: true
     0 | D:1      | 0 ||| qw: God list: Okawaru
     0 | D:1      | 0 ||| qw: Allow faded altars: false
     0 | D:1      | 0 ||| qw: Do Orc after D:15 true
     0 | D:1      | 0 ||| qw: Do second Lair branch before Depths: true
     0 | D:1      | 0 ||| qw: Lair rune preference: random
     0 | D:1      | 0 ||| qw: Plans: Normal
     0 | D:1      | 0 ||| PLANNING D:1-11
    33 | D:1      | HP: 1/14 [goblin/+1 dagger of venom (3)]
   321 | D:1      | Reached skill level 1 in Unarmed Combat
   358 | D:1      | Reached skill level 1 in Fighting
   358 | D:1      | Reached XP level 2. HP: 23/23 MP: 3/3
   536 | D:1      | 536 ||| Stepping ~*~*~tactically~*~*~ (stealth).
   607 | D:1      | 607 ||| Stepping ~*~*~tactically~*~*~ (stealth).
   610 | D:1      | 610 ||| Stepping ~*~*~tactically~*~*~ (stealth).
   611 | D:1      | 611 ||| Stepping ~*~*~tactically~*~*~ (stealth).
   626 | D:1      | 626 ||| Stepping ~*~*~tactically~*~*~ (stealth).
   801 | D:1      | Found Hiakhliw's Armour Emporium.
   829 | D:1      | 829 ||| SHOPLISTING +0 leather armour (20 gold, have 17).
   829 | D:1      | 829 ||| SHOPLISTING +0 pair of boots (45 gold, have 17).
   829 | D:1      | 829 ||| SHOPLISTING +0 ring mail (40 gold, have 17).
   829 | D:1      | 829 ||| SHOPLISTING +1 pair of boots of rampaging (165
                  | gold, have 17).
   829 | D:1      | 829 ||| SHOPLISTING +2 leather armour of fire resistance
                  | (190 gold, have 17).
   944 | D:1      | Reached skill level 2 in Unarmed Combat
  1124 | D:1      | Found a faded altar of an unknown god.
  1178 | D:1      | 1178 ||| UPGRADING to +0 cloak.
  1183 | D:1      | 1183 ||| UPGRADING to +0 leather armour.
  1193 | D:1      | 1193 ||| DROPPING +0 robe.
  1194 | D:1      | 1194 ||| DROPPING orb of guile.
  1195 | D:1      | 1195 ||| READING scroll labelled RETUSAGEAGH.
  1196 | D:1      | 1196 ||| READING scroll labelled DIOPRYIPER.
  1197 | D:1      | 1197 ||| READING scroll labelled SIRITI YPLOQ.
  1198 | D:1      | 1198 ||| READING scroll labelled OROSE AKA JIQ.
  1199 | D:1      | 1199 ||| READING scroll labelled NEL JU VUT.
  1200 | D:1      | 1200 ||| DRINKING 2 bubbling yellow potions.
  1201 | D:1      | 1201 ||| DROPPING potion of magic.
  1237 | D:2      | Reached XP level 3. HP: 28/28 MP: 4/4
  1411 | D:2      | Found Nokhoosu's Weapon Shop.
  1488 | D:2      | 1488 ||| Stepping ~*~*~tactically~*~*~ (stealth).
  1520 | D:2      | Reached skill level 3 in Unarmed Combat
  1659 | D:2      | 1659 ||| Stepping ~*~*~tactically~*~*~ (hiding).
  1670 | D:2      | Slain by a gnoll bouda

Levels and vault maps discovered:
D:1:      kennysheep_arrival_forest, layout_rooms,
          hellmonk_ecumenical_altar_leap_of_faith, serial_shops,
          nicolae_shop_stone, nicolae_eternal_life
D:2:      layout_loops_ring, serial_shops, shop

Skill      XL: |  1  2  3 |
---------------+----------+-----
Unarmed Combat | 1 2 3 |  3.2
Fighting       | 1 |  1.0
Dodging        | |  1.7
Stealth        | |  2.1
Spellcasting   | |  1.7
Conjurations   | |  0.7
Fire Magic     | |  2.4

Action                   || total
-------------------------++-------
Melee: Unarmed           ||   126
       Punch             ||     1
  Use: Scroll            ||     5
       Potion            ||     1
 Stab: Sleeping          ||     1
Armor: Robe              ||    12
       Leather armour    ||    21
Dodge: Dodged            ||    62

Table legend:
 A = Non-vault XP
 B = Vault XP
 C = Vault XP percentage of total XP
 D = Non-vault monster count
 E = Vault monster count
 F = Vault count percentage of total count
                 A         B        C        D         E       F
            +---------+---------+-------+---------+---------+-------
      Total |      68 |       0 |   0.0 |      31 |       0 |   0.0
            +---------+---------+-------+---------+---------+-------
        D:1 |      28 |       0 |   0.0 |      20 |       0 |   0.0
        D:2 |      40 |       0 |   0.0 |      11 |       0 |   0.0
            +---------+---------+-------+---------+---------+-------
